 Dungeon Crawl Stone Soup version 0.31.0-11-ge490571c62 (webtiles) character file.

Game seed: 6538059011128938425

90 ProzacElf the Chopper (level 4, -3/39 HPs)
             Began as a Hill Orc Monk on Jan 29, 2024.
             Slain by Ijyb
             ... wielding a +0 dagger
              (5 damage)
             ... on level 2 of the Dungeon.
             The game lasted 00:02:33 (2138 turns).

ProzacElf the Chopper (Hill Orc Monk)               Turns: 2138, Time: 00:02:34

Health: -3/39      AC:  5    Str: 15    XL:     4   Next: 56%
Magic:  4/4        EV: 11    Int: 10    God:
Gold:   47         SH:  0    Dex: 13    Spells: 3/3 levels left

rFire   . . .        a - +0 hand axe
rCold   . . .        d - orb {light}
rNeg    . . .        i - +0 ring mail
rPois   +            (no helmet)
rElec   .            (no cloak)
rCorr   .            (no gloves)
SInv    .            (no boots)
Will    .....        (no amulet)
Stlth   +            l - ring of poison resistance
HPRegen 0.26/turn    (no ring)
MPRegen 0.09/turn

%: no passive effects
@: glowing
A: no striking features
a: no special abilities


You were on level 2 of the Dungeon.
You visited 1 branch of the dungeon, and saw 3 of its levels.

You collected 47 gold pieces.

Inventory:

Hand Weapons
 a - a +0 hand axe (weapon)
Missiles
 k - 2 poisoned darts (quivered)
Armour
 b - a +0 robe
 d - an orb of light (worn)
 i - a +0 ring mail (worn)
Jewellery
 l - a ring of poison resistance (left hand)
Scrolls
 e - 2 scrolls of blinking {unknown}
 f - a scroll of fear {unknown}
 j - 2 scrolls of identify {unknown}
Potions
 c - a potion of ambrosia {!e}
 g - a potion of attraction {unknown}
 h - a potion of curing {unknown}


   Skills:
 - Level 3.6 Fighting
 + Level 5.6 Axes
 + Level 3.4 Dodging


You had 3 spell levels left.
You didn't know any spells.
Your spell library was empty.

Dungeon Overview and Level Annotations

Branches:
Dungeon (3/15)

Altars:
Kikubaaqudgha

Annotations:
D:2 Ijyb, Robin


Message History

Robin says, "Bow 'fore me, strongest o' all tha hobgoblins!"
Ye hit Ijyb but do nay damage.
Ijyb be moderately wounded.
Ijyb barely misses ye.
Robin throws Ijyb at ye!
Ye hit Ijyb.
Ijyb be moderately wounded.
Ijyb hits ye wit' a +0 dagger.
Ye take 3 damage, an' haf 26/39 hp.
Ijyb hits ye wit' a +0 dagger.
Robin closely misses ye.
Ye climb upwards.
Thar be a stone staircase leadin' down 'ere.
Ye take 3 damage, an' haf 23/39 hp.
Ye hit Ijyb but do nay damage.
Ijyb be heavily wounded.
Ye hit Robin.
Ijyb hits ye wit' a +0 dagger.
Robin hits ye but does nay damage.
Ye take 3 damage, an' haf 20/39 hp.
Ye hit Ijyb but do nay damage.
Ijyb be heavily wounded.
Ye hit Robin.
Ijyb barely misses ye.
Robin roars a battlecry!
Ijyb goes inta a battle-frenzy!
Ye hit Ijyb but do nay damage.
Ijyb be heavily wounded.
Ye hit Robin.
Ijyb zaps a wand.
Tha puff o' flame hits ye.
Robin throws Ijyb at ye!
Ye hit Ijyb.
Ijyb be severely wounded.
Ye hit Robin.
Ijyb zaps a wand.
Tha puff o' flame hits ye!
Robin hits ye wit' a +0 falchion.
* * * LOW HITPOINT WARNIN'
* * * Ye take 13 damage, an' haf 7/39 hp.
MASSIVE DAMAGE!!
Ye hit Ijyb.
Ijyb be almost dead.
Ye hit Robin but do nay damage.
Ijyb closely misses ye.
Robin hits ye wit' a +0 falchion.
* * * LOW HITPOINT WARNIN'
* * * Ye take 5 damage, an' haf 2/39 hp.
Okay, than.
Ijyb attacks as she pursues ye!
Ijyb hits ye wit' a +0 dagger.
Ye die...

#.........# ###.......
#.#######.# #......### #.#
#.# #.#....# #.#######.#
#.######## #.......#.# #.#
#..... #######.#.# #.# #.####
########.#.## #.###'###
#..........g########.......#
#....###.#.g@..............#
#....###+##.#########......#
#..........................#
#..............####........##
#............#...##........'.
#.............##...........##
#.............####.........#.
#.....#####.#.#............#.
#.....# #.#.#.####.......#.


You could see Ijyb (strong, poisoned) and Robin.

Vanquished Creatures
  2 adders (D:2)
  2 endoplasms (D:1)
  2 giant cockroaches
  12 goblins
  6 hobgoblins
  7 jackals
  5 kobolds
  3 quokkas
  3 ball pythons (D:1)
  12 bats
  7 frilled lizards
  4 rats
65 creatures vanquished.

Notes
Turn   | Place    | Note
-------+----------+-------------------------------------------
     0 | D:1      | ProzacElf the Hill Orc Monk began the quest for the Orb.
     0 | D:1      | Reached XP level 1. HP: 19/19 MP: 1/1
   107 | D:1      | Reached XP level 2. HP: 23/26 MP: 2/2
   458 | D:1      | Reached XP level 3. HP: 31/31 MP: 3/3
   862 | D:1      | Reached skill level 5 in Axes
  1225 | D:2      | Found an ancient bone altar of Kikubaaqudgha.
  1656 | D:2      | Reached XP level 4. HP: 35/39 MP: 4/4
  1995 | D:3      | Noticed Robin
  2010 | D:3      | Noticed Ijyb
  2138 | D:2      | Slain by Ijyb

Illustrated notes

Levels and vault maps discovered:
D:1:      amcnicky_arrival_gap_in_the_tavern_cellar, layout_loops_corners,
          minmay_pentomino_s2
D:2:      layout_basic, basic_altar
D:3:      layout_basic, uniq_natasha, uniq_grinder, uniq_terence, uniq_ijyb,
          uniq_robin

Skill      XL: |  1  2  3 |
---------------+----------+-----
Dodging        | 3 |  3.4
Axes           | 5 |  5.6
Fighting       | |  3.6

Action                     |  1- 3 |  4- 6 || total
---------------------------+-------+-------++-------
  Melee: Hand axe          |   111 |    40 ||   151
  Throw: Dart              |       |     4 ||     4
 Armour: Robe              |    31 |       ||    31
         Ring mail         |    30 |    40 ||    70
  Dodge: Dodged            |    59 |    22 ||    81

Action                     |  1- 3 |  4- 6 || total
---------------------------+-------+-------++-------
  Melee: Hand axe          |   111 |    40 ||   151
  Throw: Dart              |       |     4 ||     4
 Armour: Robe              |    31 |       ||    31
         Ring mail         |    30 |    40 ||    70
  Dodge: Dodged            |    59 |    22 ||    81

Levels and vault maps discovered:
D:1:      amcnicky_arrival_gap_in_the_tavern_cellar, layout_loops_corners,
          minmay_pentomino_s2
D:2:      layout_basic, basic_altar
D:3:      layout_basic, uniq_natasha, uniq_grinder, uniq_terence, uniq_ijyb,
          uniq_robin
